 Dungeon Crawl Stone Soup version 0.31-a0-632-g766dd24fdf (webtiles) character file.

Game seed: 618503758803169194

132 ytrimaz the Insei (level 5, -2/33 HPs)
             Began as an Octopode Shapeshifter on Aug 25, 2023.
             Frozen to death by an endoplasm (4 damage)
             ... in a sewer.
             The game lasted 00:01:49 (1903 turns).

ytrimaz the Insei (Octopode Shapeshifter)           Turns: 1903, Time: 00:01:49

Health: -2/33      AC:  1    Str: 14    XL:     5   Next: 15%
Magic:  5/5        EV: 13    Int: 10    God:
Gold:   117        SH:  0    Dex: 15    Spells: 4/4 levels left

rFire   . .          .
                       - Unarmed
rCold   . . .        (no shield)
rNeg    . . .        (helmet currently unavailable)
rPois   .            (no amulet)
rElec   .            (no ring)
rCorr   .            (no ring)
SInv    .            (no ring)
Will    +....        (no ring)
Stlth   ++           (no ring)
HPRegen 0.25/turn    (no ring)
MPRegen 0.09/turn    (no ring)
                     (no ring)

%: no passive effects
@: beast-form, enlightened, flying, invisible
A: beast (slay +2), almost no armour, amphibious, 8 rings, camouflage 1,
gelatinous body 1, (nimble swimmer 1), tentacles
a: Begin Untransformation


You were in a sewer.
You were a hulking beast.
You visited 1 branch of the dungeon, and saw 3 of its levels.
You also visited: Sewer.

You collected 117 gold pieces.


Innate Abilities, Weirdness & Mutations

You are a hulking beast.
Your limbs bulge with bestial killing power. (Slay +2)
You cannot wear most types of armour.
You are amphibious.
You can wear up to eight rings at the same time.
Your skin changes colour to match your surroundings (Stealth+).
Your rubbery body absorbs attacks. (AC +1, EV +1)
((You are camouflaged when in or above water. (Stealth+)))
You have tentacles for arms and can constrict up to eight enemies at once.


   Skills:
 - Level 1.0 Fighting
 - Level 2.0 Dodging
 + Level 4.5 Unarmed Combat
 + Level 4.3 Shapeshifting


You had 4 spell levels left.
You didn't know any spells.
Your spell library contained the following spells:

 Spells                   Type           Power      Damage    Failure   Level
 Apportation              Tloc           0%         N/A       36%         1
 Necrotise                Necr           0%         1d4       36%         1
 Summon Small Mammal      Summ           0%         N/A       36%         1

Inventory:

Talismans
 b - a beast talisman (active)
 c - a flux talisman
Scrolls
 e - a scroll of enchant weapon {unknown}
 f - a scroll of fear {unknown}
 h - 2 scrolls of identify {unknown}
 i - a scroll of amnesia {unknown}
 j - a scroll of noise {unknown}
 k - a scroll of blinking {unknown}
Potions
 d - a potion of enlightenment
 l - a potion of ambrosia {unknown}
 m - a potion of resistance {unknown}

Dungeon Overview and Level Annotations

Branches:
Dungeon (3/15) Zot: 16262   Sewer (1/1) Zot: 5839

Altars:

###### ###### #....###
#.....# +......####......r
#............##
#~.~...r......#
≈#######~~.SJr##.....#
≈≈≈≈≈≈≈≈≈~~~h####.......
≈≈≈≈≈≈≈≈≈≈~~~~~~##.~~.~~.
≈≈≈≈≈≈≈≈≈≈≈≈≈≈≈~~~~~~~~.~~.~~
≈≈≈≈≈≈≈≈≈≈≈≈≈≈≈≈≈≈≈≈≈≈~~~~~~~
≈≈≈≈≈≈≈≈≈≈≈≈≈≈≈≈≈≈≈≈≈≈≈≈~~~~~
≈≈≈≈≈≈≈≈≈≈≈≈≈≈≈≈≈≈≈≈≈≈≈~~.~~~
≈#######≈≈≈≈≈~~~~~~~~~~~.~...
#~~~~~~~.~~.....~.....
#....~~~..............


You could see a river rat (unable to see you), an endoplasm, a ball python
(unable to see you) and a rat (unable to see you).


Message History

Unknown command.
You bludgeon the river rat!
You kill the river rat!
The rat bites you.
* * * LOW HITPOINT WARNING * * *
The rat misses you. The rat barely misses you. 😨 HP[-1]
You take 1 damage, and now have 10/33 hp.
Unknown command.
You barely miss the rat. You grab the rat. You squeeze the rat.
You kill the rat!
The rat misses you. The rat barely misses you. The rat misses you.
You tentacle-slap the rat.
You kill the rat!
The rat completely misses you. The rat bites you.
* * * LOW HITPOINT WARNING * * *
😨 HP[-1]
You take 1 damage, and now have 9/33 hp.
You tentacle-slap the rat.
You kill the rat!
The rat closely misses you. 😨 HP[+1]
You tentacle-slap the rat.
You kill the rat!
Key pressed, stopping explore.
Things that are here:
a rat corpse; a river rat corpse; a river rat corpse You enter the shallow water.
An endoplasm comes into view. 😎 HP[+23]
Your hp is fully restored (33).
An endoplasm is nearby!
An endoplasm is nearby!
An endoplasm is nearby!
An endoplasm is nearby!
A river rat comes into view.
A ball python comes into view.
The river rat misses you.
You tentacle-slap the river rat but do no damage.
You grab the river rat. You constrict the river rat.
The river rat bites you. 😕 HP[-4]
You take 4 damage, and now have 29/33 hp.
You barely miss the river rat.
You constrict the river rat, but do no damage.
The ball python hisses angrily.
A river rat comes into view.
The river rat barely misses you.
You barely miss the river rat.
You constrict the river rat, but do no damage.
The endoplasm quivers.
A rat comes into view.
The river rat bites you. 😮 HP[-5]
You take 5 damage, and now have 24/33 hp.
You are too injured to fight recklessly!
Unknown command.
You are too injured to fight recklessly!
You are too injured to fight recklessly!
You release your grip on the river rat.
The river rat attacks as it pursues you!
The river rat bites you! 😮 HP[-6]
You take 6 damage, and now have 18/33 hp.
Unknown command.
The river rat misses you. 😮 HP[+1]
You closely miss the river rat. You grab the river rat.
You constrict the river rat. The river rat barely misses you.
You tentacle-slap the river rat. You constrict the river rat.
The endoplasm freezes you.
You are frozen.
* * * LOW HITPOINT WARNING * * *
The river rat misses you. 😨 HP[-5]
You take 5 damage, and now have 14/33 hp.
Unknown command.
You completely miss the river rat. You constrict the river rat.
The endoplasm hits you.
* * * LOW HITPOINT WARNING * * *
The river rat bites you!
* * * LOW HITPOINT WARNING * * *
😱 HP[-10]
You take 10 damage, and now have 4/33 hp.
MASSIVE DAMAGE!! (PAUSE) It was a potion of enlightenment.
You feel very buoyant.
You fly up into the air.
You constrict the river rat, but do no damage.
The ball python barely misses you. x2; The endoplasm closely misses you.
The river rat misses you. The ball python bites you.
* * * LOW HITPOINT WARNING * * *
The ball python barely misses you. 😱 HP[-2]
You take 2 damage, and now have 2/33 hp.
Unknown command.
It was a potion of invisibility.
You fade into invisibility!
You constrict the river rat. The endoplasm freezes you.
You die...

Skill      XL: |  1  2  3 |
---------------+----------+-----
Unarmed Combat | 4 |  4.5
Shapeshifting  | 4 |  4.3
Fighting       | |  1.0
Dodging        | |  2.0

Action                     |  1- 3 |  4- 6 || total
---------------------------+-------+-------++-------
  Melee: Unarmed           |    57 |    26 ||    83
         Constrict         |    10 |     6 ||    16
         Tentacles         |    10 |     5 ||    15
         Punch             |     2 |       ||     2
    Use: Potion            |     1 |     2 ||     3
   Stab: Sleeping          |     4 |       ||     4
 Armour: Skin              |    13 |     2 ||    15
  Dodge: Dodged            |    32 |    33 ||    65

Levels and vault maps discovered:
D:1:      minmay_arrival_cross, layout_rooms, serial_co_window_serial,
          co_window_paths_b, co_window_corner_a, co_window_paths_a,
          co_window_corner_a, co_window_cross_1, co_window_paths_a,
          co_window_paths_b, co_window_2corner, co_window_unsneaky_path_a,
          co_window_paths_c, co_window_corner_b, co_window_2corner,
          co_window_sun, glass_columns_a, glass_columns_a, glass_columns_b,
          glass_columns_b, glass_columns_b, shapermc_ecumenical_altar_rom_forum,
          bh_walls_and_bars
D:2:      layout_rooms
D:3:      layout_basic, cheibrodos_sewer_entry_bend, serial_shops,
          nicolae_shop_real_fake_doors
Sewer:    sewer_minmay_treatment

Notes
Turn   | Place    | Note
-------+----------+-------------------------------------------
     0 | D:1      | ytrimaz the Octopode Shapeshifter began the quest for the
                  | Orb.
     0 | D:1      | Reached XP level 1. HP: 13/13 MP: 1/1
     0 | D:1      | magus.rc [v1.9.6]
   450 | D:1      | Reached XP level 2. HP: 16/18 MP: 2/2
   576 | D:1      | Found a faded altar of an unknown god.
   585 | D:1      | Got Plato's Secrets of the Compass
   750 | D:1      | You pick up a book of Cantrips and begin reading...
   750 | D:1      | You add the spells Necrotise and Summon Small Mammal to
                  | your library.
  1062 | D:2      | Reached XP level 3. HP: 19/23 MP: 3/3
  1489 | D:3      | HP: 4/23 [orc wizard/+0 dagger (4)]
  1495 | D:3      | Reached skill level 4 in Unarmed Combat
  1495 | D:3      | Reached skill level 4 in Shapeshifting
  1495 | D:3      | Reached XP level 4. HP: 7/28 MP: 4/4
  1497 | D:3      | HP: 7/42 [orc wizard/+0 dagger (1)]
  1729 | D:3      | Found a glowing drain.
  1742 | Sewer    | Entered a sewer
  1767 | Sewer    | Reached XP level 5. HP: 33/33 MP: 5/5
  1901 | Sewer    | HP: 4/33 [river rat (8)]
  1903 | Sewer    | Frozen to death by an endoplasm

Vanquished Creatures
  2 orc wizards (D:3)
  2 river rats (Sewer)
  2 adders (D:2)
  A worm (D:3)
  3 orcs (D:3)
  2 bats (D:2)
  9 endoplasms
  2 giant cockroaches (D:1)
  3 hobgoblins
  2 kobolds (D:2)
  A quokka (D:1)
  A ball python (D:1)
  4 goblins
  7 rats
41 creatures vanquished.

Table legend:
 A = Non-vault XP
 B = Vault XP
 C = Vault XP percentage of total XP
 D = Non-vault monster count
 E = Vault monster count
 F = Vault count percentage of total count
                 A         B        C        D         E       F
            +---------+---------+-------+---------+---------+-------
      Total |     153 |      36 |  19.0 |      34 |       7 |  17.1
            +---------+---------+-------+---------+---------+-------
        D:1 |      22 |       0 |   0.0 |      13 |       0 |   0.0
        D:2 |      51 |       0 |   0.0 |      16 |       0 |   0.0
        D:3 |      80 |       5 |   5.9 |       5 |       1 |  16.7
      Sewer |       0 |      31 | 100.0 |       0 |       6 | 100.0
            +---------+---------+-------+---------+---------+-------

Skill      XL: |  1  2  3 |
---------------+----------+-----
Unarmed Combat | 4 |  4.5
Shapeshifting  | 4 |  4.3
Fighting       | |  1.0
Dodging        | |  2.0

Action                     |  1- 3 |  4- 6 || total
---------------------------+-------+-------++-------
  Melee: Unarmed           |    57 |    26 ||    83
         Constrict         |    10 |     6 ||    16
         Tentacles         |    10 |     5 ||    15
         Punch             |     2 |       ||     2
    Use: Potion            |     1 |     2 ||     3
   Stab: Sleeping          |     4 |       ||     4
 Armour: Skin              |    13 |     2 ||    15
  Dodge: Dodged            |    32 |    33 ||    65

Illustrated notes

Table legend:
 A = Kills in this place as a percentage of kills in the entire game.
 B = Kills by you in this place as a percentage of kills by you in the entire game.
 C = Kills by friends in this place as a percentage of kills by friends in the entire game.
 D = Other kills in this place as a percentage of other kills in the entire game.
 E = Experience gained in this place as a percentage of experience gained in the entire game.
 F = Experience gained in this place divided by the number of levels of this place that you have seen.
                   A       B       C       D       E      F
               +-------+-------+-------+-------+-------+----------------------
         Total | 100.0 | 100.0 |   N/A |   N/A | 100.0 |  47.2
       Dungeon |  85.4 |  85.4 |   N/A |   N/A |  83.6 |  52.7
         Sewer |  14.6 |  14.6 |   N/A |   N/A |  16.4 |  31.0
               +-------+-------+-------+-------+-------+----------------------

Table legend: (Time is in decaauts)
 A = Elapsed time spent in this place.
 B = Non-inter-level travel time spent in this place.
 C = Inter-level travel time spent in this place.
 D = Time resting spent in this place.
 E = Time spent auto-exploring this place.
 F = Levels seen in this place.
 G = Mean time per level.
                   A        B        C        D        E       F      G
               +--------+--------+--------+--------+--------+-----+--------+
         Total |   1896 |   1825 |     71 |      0 |   1524 |   4 |  474.0 |
       Dungeon |   1737 |   1666 |     71 |      0 |   1403 |   3 |  579.0 |
         Sewer |    159 |    159 |      0 |      0 |    121 |   1 |  159.0 |
               +--------+--------+--------+--------+--------+-----+--------+

Top non-repeatable levels by time:
     D:1: 929 daAuts
     D:2: 506 daAuts
     D:3: 301 daAuts
   Sewer: 159 daAuts
